 Dungeon Crawl Stone Soup version 0.28-a0-1184-g53156a8862 (webtiles) character file.

Game seed: 2714613236105774470

3627 ytrimaz the Martial Artist (level 10, -8/66 HPs)
             Began as an Octopode Transmuter on Dec 17, 2021.
             Was an Initiate of Ashenzari.
             Mangled by an orc warrior (19 damage)
             ... on level 8 of the Dungeon.
             The game lasted 00:10:28 (10628 turns).

ytrimaz the Martial Artist (Octopode Transmuter)   Turns: 10628, Time: 00:10:29

Health: -8/66      AC:  1    Str: 10    XL:     10   Next: 11%
Magic:  0/20       EV: 13    Int: 20    God:    Ashenzari [......]
Gold:   488        SH:  0    Dex: 12    Spells: 12/22 levels left

rFire   . . .      SeeInvis .     - Unarmed
rCold   . . .      Faith    .   (no shield)
rNeg    . . .      Spirit   +   (helmet restricted)
rPois   .          Reflect  .   r - amulet of guardian spirit
rElec   .          Harm     .   a - ring of willpower
rCorr   .          Rampage  .   o - ring of wizardry
Will    +....                   (no ring)
Stlth   ++........              (no ring)
HPRegen 0.21/turn               (no ring)
MPRegen 0.17/turn               (no ring)
                                (no ring)
                                (no ring)

@: no status effects
A: almost no armour, amphibious, 8 rings, camouflage 1, gelatinous body 1,
(nimble swimmer 1), tentacles
a: Renounce Religion, Curse Item


You were on level 8 of the Dungeon.
You worshipped Ashenzari.
Ashenzari was noncommittal.
You visited 2 branches of the dungeon, and saw 9 of its levels.
You also visited: Sewer.

You collected 488 gold pieces.

Inventory:

Jewellery
 a - a ring of willpower (left tentacle)
 f - an amulet of the acrobat
 k - an amulet of magic regeneration
 o - a ring of wizardry (right tentacle)
 r - an amulet of guardian spirit (around mantle)
Wands
 n - a wand of polymorph (10)
 q - a wand of charming (7)
Scrolls
 b - a scroll of summoning
 d - a scroll of vulnerability
 h - 2 scrolls of silence
 j - 2 scrolls of blinking
 m - 3 scrolls of fear
 s - a scroll of enchant weapon
 u - a scroll of torment
 w - a scroll of fog
Potions
 c - 2 potions of attraction
 e - 3 potions of brilliance
 g - 2 potions of haste
 l - a potion of magic
 p - a potion of experience {unknown}
 t - a potion of heal wounds
 v - a potion of resistance {unknown}


   Skills:
 * Level 5.5 Fighting
 - Level 2.0 Dodging
 + Level 8.2 Unarmed Combat
 * Level 6.7 Spellcasting
 * Level 7.2 Transmutations
 + Level 1.3 Ice Magic
 - Level 4.0 Poison Magic


You had 12 spell levels left.
You knew the following spells:

 Your Spells              Type           Power      Damage    Failure   Level
a - Beastly Appendage     Tmut           70%        N/A       1%          1
b - Wereblood             Tmut           35%        N/A       1%          2
c - Spider Form           Tmut/Pois      29%        N/A       1%          3
d - Ice Form              Ice/Tmut       23%        N/A       7%          4

Your spell library contained the following spells:

 Spells                   Type           Power      Damage    Failure   Level
 Summon Small Mammal      Summ           24%        N/A       4%          1
 Alistair's Intoxication  Tmut/Pois      19%        N/A       11%         5
 Call Canine Familiar     Summ           6%         N/A       12%         3
 Summon Guardian Golem    Hex/Summ       6%         N/A       12%         3
 Eringya's Noxious Bog    Tmut/Pois      14%        N/A       50%         6
 Borgnjor's Vile Clutch   Necr/Erth      3%         N/A       69%         5


Dungeon Overview and Level Annotations

Branches:
Dungeon (8/15)             Temple (1/1) D:5           Sewer (visited)
   Lair: D:8-11

Altars:
Ashenzari
Cheibriados
Dithmenos
Elyvilon
Fedhas
Gozag
Hepliaklqana
Makhleb
Nemelex Xobeh
Okawaru
Qazlal
Sif Muna
Trog
Uskayaw
Vehumet
Yredelemnul
Zin
The Shining One

Shops:
D:5 !   D:8 :


Innate Abilities, Weirdness & Mutations

You cannot wear most types of armour.
You are amphibious.
You can wear up to eight rings at the same time.
Your skin changes colour to match your surroundings (Stealth+).
Your rubbery body absorbs attacks. (AC +1, EV +1)
((You are camouflaged near water. (Stealth+)))
You have tentacles for arms and can constrict up to eight enemies at once.


Message History

You start resting.
An orc wizard comes into view. It is wielding a +0 dagger.
An orc wizard is nearby!
An orc wizard is nearby!
An orc wizard is nearby!
The orc wizard gestures at you while chanting.
The puff of flame hits you! The fire burns you terribly!
There is an open door here.
You barely miss the orc wizard.
The orc wizard hits you with a +0 dagger.
You hit the orc wizard. You freeze the orc wizard.
The orc wizard is moderately wounded.
Your transformation is almost over.
The orc wizard barely misses you.
You barely miss the orc wizard.
The orc wizard is moderately wounded.
An orc warrior comes into view. It is wielding a +0 halberd.
The orc wizard closely misses you.
The orc warrior shouts!
You hit the orc wizard. You freeze the orc wizard.
The orc wizard is heavily wounded.
You punch the orc wizard! You freeze the orc wizard.
You kill the orc wizard!
An orc wizard comes into view. It is wielding a +0 dagger of venom.
The orc wizard shouts!
The orc wizard casts a spell.
The orc wizard flickers and vanishes!
Deactivating autopickup; reactivate with Ctrl-A.
The orc warrior hits you with a +0 halberd!!
* * * LOW HITPOINT WARNING * * *
Things that are here:
a +0 dagger; a +0 robe; an orc corpse The orc warrior closely misses you.
There is an open door here.
Found a dagger.
You warm up again.
Okay, then.
You see here a +0 dagger.
The orc warrior hits you from afar with a +0 halberd!!
You die...

.# ####### .#
#<....#
.#######.#
######.##..(...#
#......##.######
#.###.###.# #o#
#'# #.#
#)#♣♣)♣♣#.#
#@#♣...♣#.#
#.+..∩..'.#
###♣...♣#'#
♣♣.♣♣ .# #+# #


You could see an orc warrior.

Vanquished Creatures
  Pikel (D:6)
  The ghost of Fractals the Skirmisher, a novice KoBe of Trog (D:5)
  3 yaks (D:4)
  An acid dragon (D:8)
  2 water moccasins
  Pargi (Sewer)
  2 ice beasts
  2 ogres
  2 black bears (D:4)
  A centaur (D:7)
  A lemure (D:6)
  3 bullfrogs
  3 scorpions
  A howler monkey (D:7)
  A centaur zombie (D:6)
  2 gnoll shamans
  4 hounds
  3 jellies
  2 bullfrog skeletons
  2 iguanas (D:7)
  4 orc wizards
  2 killer bee zombies
  A hound skeleton (D:4)
  Robin (D:3)
  10 adders
  15 gnolls
  A white imp (D:5)
  2 ufetubi (D:5)
  An adder skeleton (D:2)
  5 worms
  3 dart slugs
  8 orcs
  12 ball pythons
  7 bats
  4 endoplasms
  4 giant cockroaches
  10 goblins
  13 hobgoblins
  6 jackals
  2 quokkas
  2 frilled lizards
  12 kobolds
  5 rats
  A spectral goblin (D:1)
169 creatures vanquished.

Vanquished Creatures (others)
  5 fungi (D:4)
  16 plants (D:3)
  4 toadstools (D:4)
25 creatures vanquished.

Grand Total: 194 creatures vanquished

Notes
Turn   | Place    | Note
-------+----------+-------------------------------------------
     0 | D:1      | ytrimaz the Octopode Transmuter began the quest for the
                  | Orb.
     0 | D:1      | Reached XP level 1. HP: 13/13 MP: 3/3
    70 | D:1      | Found a faded altar of an unknown god.
   189 | D:1      | Reached XP level 2. HP: 18/18 MP: 3/5
  1632 | D:1      | Reached XP level 3. HP: 23/23 MP: 4/6
  1643 | D:1      | Learned a level 2 spell: Wereblood
  1647 | D:1      | Learned a level 3 spell: Spider Form
  2384 | D:2      | Reached XP level 4. HP: 19/28 MP: 5/8
  2974 | D:3      | Noticed an ogre
  3006 | D:3      | Killed an ogre
  3007 | D:3      | Reached skill level 4 in Unarmed Combat
  3007 | D:3      | Reached XP level 5. HP: 34/34 MP: 4/10
  3244 | D:3      | Found a bloodstained altar of Trog.
  3260 | D:3      | Found a snail-covered altar of Cheibriados.
  3274 | D:3      | Noticed Robin
  3285 | D:3      | Killed Robin
  4054 | D:4      | Reached skill level 1 in Poison Magic
  4054 | D:4      | Reached XP level 6. HP: 39/39 MP: 7/11
  4218 | D:4      | Found a hazy altar of Hepliaklqana.
  4218 | D:4      | Noticed a black bear
  4232 | D:4      | Killed a black bear
  4659 | D:4      | Noticed a yak
  4659 | D:4      | Noticed a yak
  4659 | D:4      | Noticed a yak
  4661 | D:4      | Noticed a yak
  4671 | D:4      | Killed a yak
  4672 | D:4      | Reached XP level 7. HP: 45/45 MP: 7/13
  4691 | D:4      | Killed a yak
  4692 | D:4      | Reached skill level 5 in Unarmed Combat
  4700 | D:4      | HP: 2/45 [yak (8)]
  4703 | D:4      | Killed a yak
  5114 | D:4      | Reached XP level 8. HP: 38/52 MP: 10/14
  5599 | D:4      | Found a sparkling altar of Nemelex Xobeh.
  5640 | D:5      | Entered Level 5 of the Dungeon
  5640 | D:5      | Found a glowing drain.
  5658 | Sewer    | Entered a sewer
  5868 | Sewer    | Noticed Pargi
  5879 | Sewer    | Killed Pargi
  5880 | Sewer    | Reached skill level 5 in Transmutations
  6070 | D:5      | Found a runed translucent door.
  6072 | D:5      | Noticed Fractals's ghost (novice KoBe)
  6156 | D:5      | Found a shadowy altar of Dithmenos.
  6180 | D:5      | Reached skill level 6 in Unarmed Combat
  6180 | D:5      | Reached skill level 5 in Spellcasting
  6268 | D:5      | HP: 2/54 [ice beast (6)]
  7658 | D:5      | Found Maurest's Distillery.
  7796 | D:5      | Reached XP level 9. HP: 51/58 MP: 12/17
  7823 | D:5      | Learned a level 4 spell: Ice Form
  8067 | D:5      | Found a staircase to the Ecumenical Temple.
  8339 | Temple   | Entered the Ecumenical Temple
  8425 | Temple   | Became a worshipper of Ashenzari the Shackled
  8532 | D:5      | Killed Fractals's ghost
  8677 | D:6      | Reached skill level 7 in Unarmed Combat
  8827 | D:6      | Noticed Pikel
  8841 | D:6      | Killed Pikel
  8845 | D:6      | Reached skill level 1 in Ice Magic
  9459 | D:7      | Reached skill level 5 in Fighting
  9910 | D:7      | Reached skill level 8 in Unarmed Combat
  9910 | D:7      | Reached XP level 10. HP: 59/66 MP: 16/19
 10552 | D:8      | Found Cisul's Book Shoppe.
 10628 | D:8      | Mangled by an orc warrior

Illustrated notes

Levels and vault maps discovered:
D:1:      dpeg_arrival_pond, layout_basic,
          dreamdust_ecumenical_altar_drowned_temple
D:2:      layout_basic, nrook_mini_vaults
D:3:      layout_basic, cheibriados_altar_1, nicolae_overflow_crystal_walls,
          serial_bayou, serial_bayou_lagoon_a, serial_bayou_pond_b,
          serial_bayou_shore_b, serial_bayou_pond_a, uniq_robin
D:4:      layout_loops_ring, general_overflow_altar,
          mainiacjoe_overflow_chevrons, minmay_gold_behind_fungi
D:5:      layout_loops_ring, mainiacjoe_overflow_small_starburst,
          minmay_temple_entry_nine_rooms, gup_sewer_entry_glass,
          ebering_ghost_sewer_d, grunt_ministairs_2, nicolae_take_the_stairs
D:6:      layout_rooms, uniq_pikel
D:7:      layout_cave_pools
D:8:      layout_basic, minitemple, serial_shops, kennysheep_little_box
Temple:   dshaligram_water_room_temple

Skill      XL: |  1  2  3  4  5  6  7  8  9 |
---------------+----------------------------+-----
Spellcasting   | 3 4 5 6 |  6.7
Fighting       | 2 3 4 5 |  5.5
Unarmed Combat | 4 5 6 8 |  8.2
Transmutations | 3 4 5 7 |  7.2
Poison Magic   | 1 2 4 |  4.0
Ice Magic      | 1 |  1.3
Dodging        | |  2.0

Action                   |  1- 3 |  4- 6 |  7- 9 | 10-12 || total
-------------------------+-------+-------+-------+-------++-------
Melee: Unarmed           |    86 |   125 |   274 |    47 ||   532
       Tentacles         |     9 |     8 |     2 |       ||    19
       Constrict         |    19 |    17 |     5 |       ||    41
       Kick              |    21 |    13 |       |       ||    34
 Cast: Beastly Appendage |    19 |    15 |       |       ||    34
       Spider Form       |     1 |     6 |    32 |     2 ||    41
       Wereblood         |     1 |     4 |     4 |       ||     9
       Ice Form          |       |       |     3 |     2 ||     5
  Use: Scroll            |     4 |     2 |     8 |     2 ||    16
       Potion            |       |       |     1 |     1 ||     2
 Stab: Sleeping          |     2 |     4 |     4 |       ||    10
Armor: Skin              |     8 |     9 |    36 |     2 ||    55
Dodge: Dodged            |    65 |   110 |   259 |    39 ||   473

Table legend: (Time is in decaauts)
 A = Elapsed time spent in this place.
 B = Non-inter-level travel time spent in this place.
 C = Inter-level travel time spent in this place.
 D = Time resting spent in this place.
 E = Time spent auto-exploring this place.
 F = Levels seen in this place.
 G = Mean time per level.
                   A        B        C        D        E       F      G
               +--------+--------+--------+--------+--------+-----+--------+
         Total |  10575 |  10123 |    452 |   2630 |   5768 |  10 | 1057.5 |
       Dungeon |  10117 |   9689 |    428 |   2505 |   5589 |   8 | 1264.6 |
        Temple |     95 |     71 |     24 |      0 |     60 |   1 |   95.0 |
         Sewer |    362 |    362 |      0 |    125 |    119 |   1 |  362.0 |
               +--------+--------+--------+--------+--------+-----+--------+

Top non-repeatable levels by time:
     D:4: 2127 daAuts
     D:5: 1927 daAuts
     D:1: 1689 daAuts
     D:3: 1304 daAuts
     D:7: 1079 daAuts
     D:2: 1057 daAuts
     D:6: 839 daAuts
   Sewer: 362 daAuts
  Temple: 95 daAuts
     D:8: 91 daAuts
